TOP OF THE 1ST |
Portland Sea Dogs batting - Pitching for Bowie Baysox : RHP Jonathan Spicer
|
Pitching: RHP Jonathan Spicer
|
|
Batting: RHB Sal Rivera
|
0-0: Ball 1-0: Fly out, F8 (Flyball, 8RXD, EV 74.4 MPH)
|
Batting: RHB Mike Batko
|
0-0: Ground out 5-3 (Groundball, 56, EV 105.0 MPH)
|
Batting: RHB Ernie Genier
|
0-0: Ground out 6-3 (Groundball, 6M, EV 85.0 MPH)
|
Top of the 1st over - 0 runs, 0 hits, 0 errors, 0 left on base; Portland 0 - Bowie 0 |
BOTTOM OF THE 1ST |
Bowie Baysox batting - Pitching for Portland Sea Dogs : LHP Jason Salzer
|
Pitching: LHP Jason Salzer
|
|
Batting: RHB Alfredo Reguera
|
0-0: Ball 1-0: Foul Ball, location: 2F 1-1: Ground out 5-3 (Groundball, 56S, EV 86.9 MPH)
|
Batting: RHB Maup Gommers
|
0-0: Ball 1-0: Foul Ball, location: 2F 1-1: Ball 2-1: Foul Ball, location: 2F 2-2: SINGLE (Groundball, 4MD, EV 95.6 MPH)
|
Batting: SHB Chris Wright
|
0-0: Ball 1-0: Called Strike 1-1: Called Strike 1-2: Strikes out swinging
|
Batting: RHB Mike Pitts
|
0-0: Ground out U3 (Groundball, 3, EV 81.9 MPH)
|
Bottom of the 1st over - 0 runs, 1 hit, 0 errors, 1 left on base; Portland 0 - Bowie 0 |
TOP OF THE 2ND |
Portland Sea Dogs batting - Pitching for Bowie Baysox : RHP Jonathan Spicer
|
Batting: RHB Alex Melendez
|
0-0: Ball 1-0: Ball 2-0: Foul Ball, location: 2F 2-1: Ball 3-1: SINGLE (Line Drive, 6MD, EV 98.8 MPH)
|
Batting: RHB Travis Campbell
|
0-0: Foul Ball, location: 2F 0-1: Ball 1-1: Grounds into double play, 6-4-3 (Groundball, 6, EV 102.5 MPH)
|
Batting: LHB Keith Rice
|
0-0: Fly out, F4 (Line Drive, 34, EV 73.8 MPH)
|
Top of the 2nd over - 0 runs, 1 hit, 0 errors, 0 left on base; Portland 0 - Bowie 0 |
BOTTOM OF THE 2ND |
Bowie Baysox batting - Pitching for Portland Sea Dogs : LHP Jason Salzer
|
Batting: RHB Jonathan Mendoza
|
0-0: Ball 1-0: Called Strike 1-1: Ground out 6-3 (Groundball, 6, EV 84.4 MPH)
|
Batting: RHB Kevin Popowicz
|
0-0: Swinging Strike 0-1: Ball 1-1: Hit by Pitch
|
Batting: RHB Marquis Major
|
0-0: Foul Ball, location: 2F 0-1: Called Strike 0-2: Ball 1-2: Ball 2-2: Fly out, F3 (Popup, 3SF, EV 67.5 MPH)
|
Batting: RHB Wil Ochoa
|
0-0: Fly out, F8 (Line Drive, 8RM, EV 89.4 MPH)
|
Bottom of the 2nd over - 0 runs, 0 hits, 0 errors, 1 left on base; Portland 0 - Bowie 0 |
TOP OF THE 3RD |
Portland Sea Dogs batting - Pitching for Bowie Baysox : RHP Jonathan Spicer
|
Batting: RHB Miguel Villanueva
|
0-0: Ball 1-0: Ball 2-0: Ground out 6-3 (Groundball, 6, EV 83.8 MPH)
|
Batting: RHB Larry Brocato
|
0-0: Ball 1-0: Ground out 5-3 (Groundball, 56, EV 86.2 MPH)
|
Batting: LHB Dave Reyes
|
0-0: Foul Ball, location: 2F 0-1: Ball 1-1: Ground out 3-1 (Groundball, 34, EV 103.1 MPH)
|
Top of the 3rd over - 0 runs, 0 hits, 0 errors, 0 left on base; Portland 0 - Bowie 0 |
BOTTOM OF THE 3RD |
Bowie Baysox batting - Pitching for Portland Sea Dogs : LHP Jason Salzer
|
Batting: LHB Pat Fontana
|
0-0: Ball 1-0: Called Strike 1-1: Ground out 4-3 (Groundball, 34, EV 93.1 MPH)
|
Batting: RHB Alfredo Reguera
|
0-0: Ball 1-0: Ball 2-0: Ball 3-0: Base on Balls
|
Batting: RHB Maup Gommers
|
0-0: Called Strike 0-1: Ball 1-1: Foul Ball, location: 2F 1-2: Foul Ball, location: 2F 1-2: Ball 2-2: Foul Ball, location: 2F 2-2: Strikes out swinging
|
Batting: SHB Chris Wright
|
0-0: Ball 1-0: Called Strike 1-1: Ball 2-1: SINGLE (Groundball, P, EV 77.5 MPH) (infield hit) Alfredo Reguera to second
|
Batting: RHB Mike Pitts
|
0-0: Ball 1-0: Ball 2-0: SINGLE (Groundball, 56D, EV 97.5 MPH) Alfredo Reguera to third Chris Wright to second
|
Batting: RHB Jonathan Mendoza
|
0-0: Ground out 4-3 (Groundball, 4MS, EV 86.9 MPH)
|
Bottom of the 3rd over - 0 runs, 2 hits, 0 errors, 3 left on base; Portland 0 - Bowie 0 |
TOP OF THE 4TH |
Portland Sea Dogs batting - Pitching for Bowie Baysox : RHP Jonathan Spicer
|
Batting: RHB Sal Rivera
|
0-0: Called Strike 0-1: Ball 1-1: Ground out 1-3 (Groundball, 13S, EV 66.2 MPH)
|
Batting: RHB Mike Batko
|
0-0: Ball 1-0: Swinging Strike 1-1: Ball 2-1: Foul Ball, location: 2F 2-2: Ball 3-2: Foul Ball, location: 2F 3-2: Foul Ball, location: 2F 3-2: Fly out, F5 (Popup, 5F, EV 80.6 MPH)
|
Batting: RHB Ernie Genier
|
0-0: Ball 1-0: Ball 2-0: Ball 3-0: Base on Balls
|
Batting: RHB Alex Melendez
|
0-0: Called Strike 0-1: Fly out, F8 (Flyball, 8RD, EV 95.0 MPH)
|
Top of the 4th over - 0 runs, 0 hits, 0 errors, 1 left on base; Portland 0 - Bowie 0 |
BOTTOM OF THE 4TH |
Bowie Baysox batting - Pitching for Portland Sea Dogs : LHP Jason Salzer
|
Batting: RHB Kevin Popowicz
|
0-0: Swinging Strike 0-1: Fly out, F2 (Popup, 2RF, EV 91.2 MPH)
|
Batting: RHB Marquis Major
|
0-0: Called Strike 0-1: Ball 1-1: Ball 2-1: Swinging Strike 2-2: Ball 3-2: Fly out, F8 (Flyball, 8RD, EV 86.9 MPH)
|
Batting: RHB Wil Ochoa
|
0-0: Ball 1-0: SINGLE (Line Drive, 6D, EV 98.8 MPH)
|
Batting: LHB Pat Fontana
|
0-0: Ball 1-0: Called Strike 1-1: Ball 2-1: Fly out, F6 (Line Drive, 6M, EV 76.2 MPH)
|
Bottom of the 4th over - 0 runs, 1 hit, 0 errors, 1 left on base; Portland 0 - Bowie 0 |
TOP OF THE 5TH |
Portland Sea Dogs batting - Pitching for Bowie Baysox : RHP Jonathan Spicer
|
Batting: RHB Travis Campbell
|
0-0: Ball 1-0: Foul Ball, location: 2F 1-1: Foul Ball, location: 2F 1-2: Ball 2-2: Foul Ball, location: 2F 2-2: Ball 3-2: Base on Balls
|
Batting: LHB Keith Rice
|
0-0: Ball 1-0: SINGLE (Groundball, 34D, EV 103.1 MPH) Travis Campbell to second Runner from 2nd tries for 3rd, SAFE, throw by RF made to third
|
Batting: RHB Miguel Villanueva
|
0-0: Reached on error, E6 (Groundball, 56, EV 102.5 MPH) Travis Campbell scores Keith Rice to second
|
Batting: RHB Larry Brocato
|
0-0: Called Strike 0-1: Called Strike 0-2: Foul Ball, location: 2F 0-2: Ball 1-2: Foul Ball, location: 2F 1-2: Foul Ball, location: 2F 1-2: Foul Ball, location: 2F 1-2: Foul Ball, location: 2F 1-2: Ball 2-2: Ball 3-2: SINGLE (Line Drive, 6MD, EV 96.2 MPH) Keith Rice to third Miguel Villanueva to second
|
Batting: LHB Dave Reyes
|
0-0: Ball 1-0: DOUBLE (Line Drive, 89D, EV 105.6 MPH) Keith Rice scores Miguel Villanueva scores Larry Brocato to third
|
Batting: RHB Sal Rivera
|
0-0: Called Strike 0-1: Ground out 5-3 (Groundball, 5, EV 106.2 MPH)
|
Batting: RHB Mike Batko
|
0-0: Called Strike 0-1: Ball 1-1: DOUBLE (Groundball, 5L, EV 110.6 MPH) Larry Brocato scores Dave Reyes scores
|
Pitching: RHP Mike Brubaker
|
|
Batting: RHB Ernie Genier
|
0-0: Ball Mike Batko steals 3rd base 1-0: Ball 2-0: Ball 3-0: Base on Balls
|
Batting: RHB Alex Melendez
|
0-0: TRIPLE (Line Drive, 78XD, EV 103.8 MPH) Mike Batko scores Ernie Genier scores
|
Batting: RHB Travis Campbell
|
0-0: Ball 1-0: Foul Ball, location: 2F 1-1: Called Strike 1-2: Ball 2-2: Strikes out swinging
|
Batting: LHB Keith Rice
|
0-0: Ball 1-0: Foul Ball, location: 2F 1-1: 2-RUN HOME RUN (Flyball, 9D, EV 103.8 MPH), Distance : 376 ft
|
Batting: RHB Miguel Villanueva
|
0-0: Called Strike 0-1: Swinging Strike 0-2: SINGLE (Groundball, 4MD, EV 105.0 MPH)
|
Batting: RHB Larry Brocato
|
0-0: Foul Ball, location: 2F 0-1: Ball 1-1: Ball Wild Pitch! Miguel Villanueva to second 2-1: Ball 3-1: TRIPLE (Flyball, 89XD, EV 111.9 MPH) Miguel Villanueva scores
|
Pitching: LHP Justin Hinton
|
|
Batting: LHB Dave Reyes
|
0-0: Ball 1-0: Foul Ball, location: 2F 1-1: Foul Ball, location: 2F 1-2: Ball 2-2: Ball 3-2: DOUBLE (Line Drive, 7LS, EV 98.1 MPH) Larry Brocato scores
|
Batting: RHB Sal Rivera
|
0-0: Called Strike 0-1: Ball 1-1: Ground out U3 (Groundball, 3S, EV 61.9 MPH)
|
Top of the 5th over - 11 runs, 9 hits, 1 error, 1 left on base; Portland 11 - Bowie 0 |
BOTTOM OF THE 5TH |
Bowie Baysox batting - Pitching for Portland Sea Dogs : LHP Jason Salzer
|
Batting: RHB Alfredo Reguera
|
0-0: Ball 1-0: Ball 2-0: Foul Ball, location: 2F 2-1: Ball 3-1: Swinging Strike 3-2: Ground out 4-3 (Groundball, 4M, EV 85.6 MPH)
|
Batting: RHB Maup Gommers
|
0-0: Ball 1-0: SINGLE (Flyball, 3D, EV 98.1 MPH)
|
Batting: SHB Chris Wright
|
0-0: SINGLE (Groundball, 4M, EV 108.1 MPH) Maup Gommers to second
|
Batting: RHB Mike Pitts
|
0-0: Ball 1-0: Foul Ball, location: 2F 1-1: Ball 2-1: DOUBLE (Flyball, 78XD, EV 106.9 MPH) Maup Gommers scores Chris Wright to third Runner from 3rd tries for Home, SAFE, throw by CF to trailing runner, OUT at third! 8-3-5
|
Batting: RHB Jonathan Mendoza
|
0-0: Ball 1-0: Foul Ball, location: 2F 1-1: Swinging Strike 1-2: Foul Ball, location: 2F 1-2: Foul Ball, location: 2F 1-2: Foul Ball, location: 2F 1-2: Ground out 4-3 (Groundball, 4, EV 110.6 MPH)
|
Bottom of the 5th over - 2 runs, 3 hits, 0 errors, 0 left on base; Portland 11 - Bowie 2 |
TOP OF THE 6TH |
Portland Sea Dogs batting - Pitching for Bowie Baysox : LHP Justin Hinton
|
Batting: RHB Mike Batko
|
0-0: SOLO HOME RUN (Flyball, 78XD, EV 100.6 MPH), Distance : 427 ft
|
Batting: RHB Ernie Genier
|
0-0: Reached on error, E6 (Groundball, 6, EV 101.2 MPH)
|
Batting: RHB Alex Melendez
|
0-0: Ball 1-0: SINGLE (Line Drive, 4MD, EV 105.6 MPH) Ernie Genier to third
|
Batting: RHB Travis Campbell
|
0-0: Ball 1-0: Foul Ball, location: 2F 1-1: Ball 2-1: Grounds into double play, 6-4-3 (Groundball, 6, EV 100.6 MPH) Ernie Genier scores
|
Batting: LHB Keith Rice
|
0-0: Ball 1-0: Fly out, F4 (Line Drive, 4, EV 75.6 MPH)
|
Top of the 6th over - 2 runs, 2 hits, 1 error, 0 left on base; Portland 13 - Bowie 2 |
BOTTOM OF THE 6TH |
Bowie Baysox batting - Pitching for Portland Sea Dogs : LHP Jason Salzer
|
Batting: RHB Kevin Popowicz
|
0-0: Called Strike 0-1: Ball 1-1: Foul Ball, location: 2F 1-2: Foul Ball, location: 2F 1-2: Ball 2-2: Strikes out swinging
|
Batting: RHB Marquis Major
|
0-0: Ball 1-0: Foul Ball, location: 2F 1-1: Ball 2-1: Foul Ball, location: 2F 2-2: Foul Ball, location: 2F 2-2: SINGLE (Groundball, 56D, EV 94.4 MPH)
|
Pitching: LHP David Schultz
|
|
Batting: RHB Wil Ochoa
|
0-0: Fielders Choice at 2nd, 2-6 (Groundball, 13S, EV 73.1 MPH)
|
Batting: LHB Pat Fontana
|
0-0: Ball 1-0: Ball 2-0: Ball 3-0: Ground out 1-3 (Groundball, 13S, EV 73.1 MPH)
|
Bottom of the 6th over - 0 runs, 1 hit, 0 errors, 1 left on base; Portland 13 - Bowie 2 |
TOP OF THE 7TH |
Portland Sea Dogs batting - Pitching for Bowie Baysox : LHP Justin Hinton
|
Batting: RHB Miguel Villanueva
|
0-0: Ball 1-0: Ball 2-0: Called Strike 2-1: DOUBLE (Line Drive, 78M, EV 100.0 MPH)
|
Batting: RHB Larry Brocato
|
0-0: Ground out 5-3 (Groundball, 56, EV 97.5 MPH)
|
Batting: LHB Dave Reyes
|
0-0: Ball 1-0: Swinging Strike 1-1: Ball 2-1: Ball 3-1: Fly out, F7 (Flyball, 7D, EV 90.6 MPH) Runner from 2nd tags up, SAFE at 3rd with throw by LF
|
Batting: RHB Sal Rivera
|
0-0: Ball 1-0: Foul Ball, location: 2F 1-1: Ball 2-1: 2-RUN HOME RUN (Flyball, 7D, EV 100.0 MPH), Distance : 380 ft
|
Batting: RHB Mike Batko
|
0-0: Ball 1-0: Foul Ball, location: 2F 1-1: Foul Ball, location: 2F 1-2: Ground out 6-3 (Groundball, 6, EV 85.0 MPH)
|
Top of the 7th over - 2 runs, 2 hits, 0 errors, 0 left on base; Portland 15 - Bowie 2 |
BOTTOM OF THE 7TH |
Bowie Baysox batting - Pitching for Portland Sea Dogs : LHP David Schultz
|
Batting: RHB Alfredo Reguera
|
0-0: Ball 1-0: Called Strike 1-1: Ball 2-1: SINGLE (Line Drive, 34, EV 95.0 MPH)
|
Pinch Hitting: RHB Jason Burke
|
0-0: Grounds into double play, 4-6-3 (Groundball, 4S, EV 82.5 MPH)
|
Batting: SHB Chris Wright
|
0-0: Ball 1-0: Ball 2-0: SINGLE (Line Drive, 78S, EV 108.1 MPH)
|
Batting: RHB Mike Pitts
|
0-0: Called Strike 0-1: Ball 1-1: Swinging Strike 1-2: Ball 2-2: Ball 3-2: Base on Balls Chris Wright to second
|
Batting: RHB Jonathan Mendoza
|
0-0: Ball 1-0: Fly out, F7 (Flyball, 78M, EV 89.4 MPH)
|
Bottom of the 7th over - 0 runs, 2 hits, 0 errors, 2 left on base; Portland 15 - Bowie 2 |
TOP OF THE 8TH |
Portland Sea Dogs batting - Pitching for Bowie Baysox : LHP Justin Hinton
|
Now at 2B: Jason Burke
|
|
Batting: RHB Ernie Genier
|
0-0: Called Strike 0-1: Foul Ball, location: 2F 0-2: Foul Ball, location: 2F 0-2: Ball 1-2: SINGLE (Groundball, 6D, EV 94.4 MPH)
|
Pitching: RHP Jason Turley
|
|
Batting: RHB Alex Melendez
|
0-0: Ball 1-0: Foul Ball, location: 2F 1-1: Ball 2-1: DOUBLE (Flyball, 78D, EV 112.5 MPH) Ernie Genier to third
|
Pinch Hitting: RHB Frank Sokolosky
|
0-0: Fly out, F9 (Line Drive, 9, EV 91.2 MPH)
|
Batting: LHB Keith Rice
|
0-0: Swinging Strike 0-1: Reached on error, E4 (Groundball, 4, EV 82.5 MPH) Ernie Genier scores Alex Melendez to third
|
Batting: RHB Miguel Villanueva
|
0-0: Called Strike 0-1: Swinging Strike 0-2: Strikes out swinging
|
Batting: RHB Larry Brocato
|
0-0: Swinging Strike 0-1: Ball 1-1: SINGLE (Groundball, 6MS, EV 69.4 MPH) (infield hit) Alex Melendez scores Keith Rice to second
|
Batting: LHB Dave Reyes
|
0-0: Swinging Strike 0-1: Foul Ball, location: 2F 0-2: Ball 1-2: Ball 2-2: Ball 3-2: SINGLE (Groundball, 34D, EV 98.8 MPH) Keith Rice to third Larry Brocato to second Keith Rice scores Larry Brocato to third
|
Batting: RHB Sal Rivera
|
0-0: Ball 1-0: Foul Ball, location: 2F 1-1: Fly out, F5 (Line Drive, 5, EV 66.9 MPH)
|
Top of the 8th over - 3 runs, 4 hits, 1 error, 2 left on base; Portland 18 - Bowie 2 |
BOTTOM OF THE 8TH |
Bowie Baysox batting - Pitching for Portland Sea Dogs : LHP David Schultz
|
Now at SS: Frank Sokolosky
|
|
Batting: RHB Kevin Popowicz
|
0-0: Ball 1-0: Foul Ball, location: 2F 1-1: Ball 2-1: Ball 3-1: Fly out, F7 (Flyball, 7D, EV 85.0 MPH)
|
Batting: RHB Marquis Major
|
0-0: Ball 1-0: Ball 2-0: Ball 3-0: Called Strike 3-1: Fly out, F9 (Flyball, 89S, EV 88.8 MPH)
|
Batting: RHB Wil Ochoa
|
0-0: Called Strike 0-1: Ball 1-1: Ball 2-1: Foul Ball, location: 2F 2-2: Ground out 5-3 (Groundball, 5L, EV 91.9 MPH)
|
Bottom of the 8th over - 0 runs, 0 hits, 0 errors, 0 left on base; Portland 18 - Bowie 2 |
TOP OF THE 9TH |
Portland Sea Dogs batting - Pitching for Bowie Baysox : RHP Jason Turley
|
Batting: RHB Mike Batko
|
0-0: Swinging Strike 0-1: Ball 1-1: Called Strike 1-2: Ball 2-2: Ground out 6-3 (Groundball, 6, EV 80.0 MPH)
|
Batting: RHB Ernie Genier
|
0-0: Ball 1-0: Ball 2-0: Ball 3-0: Called Strike 3-1: Fly out, F8 (Flyball, 8RM, EV 82.5 MPH)
|
Batting: RHB Alex Melendez
|
0-0: Ball 1-0: Swinging Strike 1-1: SOLO HOME RUN (Flyball, 7D, EV 101.9 MPH), Distance : 383 ft
|
Batting: RHB Frank Sokolosky
|
0-0: Called Strike 0-1: Foul Ball, location: 2F 0-2: Foul Ball, location: 2F 0-2: Ball 1-2: Foul Ball, location: 2F 1-2: Foul Ball, location: 2F 1-2: Ball 2-2: Fly out, F9 (Flyball, 9, EV 75.6 MPH)
|
Top of the 9th over - 1 run, 1 hit, 0 errors, 0 left on base; Portland 19 - Bowie 2 |
BOTTOM OF THE 9TH |
Bowie Baysox batting - Pitching for Portland Sea Dogs : LHP David Schultz
|
Batting: LHB Pat Fontana
|
0-0: Ball 1-0: Ball 2-0: Ground out 5-3 (Groundball, 5L, EV 76.2 MPH)
|
Batting: RHB Alfredo Reguera
|
0-0: Ball 1-0: Foul Ball, location: 2F 1-1: SINGLE (Groundball, 56D, EV 98.1 MPH)
|
Pitching: RHP Riley Pooley
|
|
Batting: RHB Jason Burke
|
0-0: Called Strike 0-1: Ball 1-1: Ball 2-1: Ball 3-1: Swinging Strike 3-2: Base on Balls Alfredo Reguera to second
|
Batting: SHB Chris Wright
|
0-0: Called Strike 0-1: Swinging Strike 0-2: Ball 1-2: Fly out, F8 (Line Drive, 8RM, EV 109.4 MPH)
|
Batting: RHB Mike Pitts
|
0-0: Fly out, F7 (Flyball, 78S, EV 95.6 MPH)
|
Bottom of the 9th over - 0 runs, 1 hit, 0 errors, 2 left on base; Portland 19 - Bowie 2 |
|